AoeStats
← βolacha

African Clearing

510420987Analyzed
3v3 RM · 2d ago on Sep 30, 2026· 35m 0s· 6 players
Game mode
Random Map
Map size
Normal (6 player)
Population
200
Speed
Normal
Resources
Standard
Victory
Conquest
Starting age
Dark Age
Ending age
Imperial Age
RankedLock teamsTeams togetherTeam positionsShared explorationLock speedFull tech treeHidden civsTurbo modeCheats
Victory
Defeat
🇪🇸 Italians · Spain
1035
+14
🇳🇿 Saracens · New Zealand
982
+16
🇵🇱 Celts · Poland
945
+18
🇧🇷 Franks · Brazil
1076
-20
🇧🇷 Hindustanis · Brazil
990
-16
🇧🇷 Byzantines · Brazil
896
-12
slvitor
4:10 Loom
14:27 Feudal Age
14:43 Man-at-Arms
17:44 Wheelbarrow
17:38 Scale Mail Armor
22:07 Double-Bit Axe
24:39 Castle Age
25:04 Elite Skirmisher
26:55 Fletching
33:25 Padded Archer Armor
34:28 Gold Mining
GrooGrux King
5:38 Loom
18:56 Feudal Age
βolacha
4:33 Loom
15:11 Feudal Age
21:14 Castle Age
20:13 Double-Bit Axe
20:23 Gold Mining
20:38 Fishing Lines
21:52 Forging
27:19 Husbandry
Chexco9004
3:59 Loom
14:05 Feudal Age
18:09 Castle Age
16:40 Stone Mining
16:54 Fletching
_fizyk
11:02 Loom
16:52 Feudal Age
18:02 Double-Bit Axe
18:00 Horse Collar
22:34 Castle Age
20:41 Man-at-Arms
22:10 Forging
22:01 Scale Mail Armor
25:06 Iron Casting
24:46 Chain Mail Armor
24:39 Gambesons
26:15 Heavy Plow
25:44 Long Swordsman
28:38 Pikeman
Wrecking Ball Paul
16:04 Feudal Age
16:36 Double-Bit Axe
21:16 Castle Age
24:31 Loom
30:42 Horse Collar
35:34 Imperial Age
34:30 Husbandry
Connection lost

Rejoining the realm…

Still unreachable

The connection could not be restored.

Session expired

The server has moved on; the page needs a fresh start.